 Dungeon Crawl Stone Soup version 0.21-a0-157-gb89e0e2 (webtiles) character file.

80819 namelastname112 the Convoker (level 15, -11/136 HPs)
             Began as a Black Draconian Summoner on Aug 4, 2017.
             Was an Elder of Ashenzari.
             Killed from afar by a deep troll earth mage (18 damage)
             ... with a blast of rock fragments
             ... on level 1 of the Depths.
             The game lasted 01:28:04 (37027 turns).

namelastname112 the Convoker (DrSu)                Turns: 37027, Time: 01:28:04

Health: -11/136    AC: 15    Str: 10    XL:     15   Next: 24%
Magic:  6/33       EV: 18    Int: 23    God:    Ashenzari [****..]
Gold:   3129       SH:  5    Dex: 13    Spells: 21/37 levels left

rFire    . . .     SeeInvis +   r - +3 short sword (elec)
rCold    . . .     Gourm    .   U - +0 buckler
rNeg     . . .     Faith    .   (armour unavailable)
rPois    .         Spirit   .   m - +1 hat {SInv}
rElec    +         Reflect  .   T - +0 cloak (curse)
rCorr    .         Harm     .   (no gloves)
MR       ++...     Clarity  +   N - +0 pair of boots (curse)
Stlth    ++........             w - amulet of magic regeneration
HPRegen  0.32/turn              t - ring of protection from magic
MPRegen  0.48/turn              u - +3 ring of protection

@: short of breath, flying, very slightly contaminated, drained
A: breathe lightning, unfitting armour, big wings, horns 2, stinger 1, clever 1,
high mp 1, electricity resistance, no potion heal 1, cold-blooded, AC +9
a: Breathe Lightning, Stop Flying, Curse Item, Scrying, Renounce Religion


You were on level 1 of the Depths.
You worshipped Ashenzari.
Ashenzari was greatly pleased with you.
You were not hungry.

You visited 6 branches of the dungeon, and saw 28 of its levels.
You also visited: Ice Cave.

You collected 3351 gold pieces.
You spent 222 gold pieces at shops.

Inventory:

Hand Weapons
 r - a +3 short sword of electrocution (weapon)
Missiles
 I - 3 throwing nets (quivered)
Armour
 m - a +1 hat of see invisible (worn)
 N - a cursed +0 pair of boots (worn)
 T - a cursed +0 cloak (worn)
 U - a +0 buckler (worn)
Magical Staves
 V - an uncursed staff of wizardry
Jewellery
 t - a ring of protection from magic (left hand)
 u - a +3 ring of protection (right hand)
 w - an amulet of magic regeneration (around neck)
 M - an uncursed ring of fire
 X - an uncursed ring of ice
Wands
 a - a wand of iceblast (7/15)
 i - a wand of lightning (4/15)
 y - a wand of lightning (15/15)
 A - a wand of iceblast (0/15)
 C - a wand of acid (3/15)
 F - a wand of iceblast (6/15)
 H - a wand of iceblast (7/15)
 J - a wand of lightning (8/15)
 S - a wand of iceblast (0/15)
Scrolls
 d - 3 scrolls of teleportation
 e - 2 scrolls of magic mapping
 j - 5 scrolls of fog
 l - a scroll of recharging
 q - 2 scrolls of amnesia
 s - 8 scrolls of remove curse
 B - 2 scrolls of enchant armour
 D - 2 scrolls of fear
 G - 2 scrolls of enchant weapon
 R - 7 scrolls of identify
Potions
 g - a potion of invisibility
 h - 5 potions of might
 k - 11 potions of curing
 n - 3 potions of haste
 o - 2 potions of magic
 p - 4 potions of brilliance
 x - 4 potions of agility
 z - 4 potions of heal wounds
 O - a potion of cancellation
 Z - a potion of ambrosia
Books
 c - a Young Poisoner's Handbook

   Spells                             Type                      Level
   a - Sting                          Conjuration/Poison           1
   b - Poisonous Vapours              Poison/Air                   2
   c - Mephitic Cloud                 Conjuration/Poison/Air       3
   d - Olgreb's Toxic Radiance        Poison                       4
   e - Venom Bolt                     Conjuration/Poison           5
Comestibles
 b - 13 bread rations
 f - a royal jelly
 v - 11 meat rations
 E - 7 fruits


   Skills:
 + Level 13.3(12.3) Fighting
 + Level 11.8(10.9) Dodging
 - Level 1.7(1.0) Stealth
 - Level 4.8(4.0) Shields
 + Level 11.7(10.8) Spellcasting
 + Level 15.9(14.8) Summonings


You had 21 spell levels left.
You knew the following spells:

 Your Spells              Type           Power        Failure   Level  Hunger
a - Summon Ice Beast      Ice/Summ       #####...     2%          4    #......
b - Inner Flame           Hex/Fire       ##......     16%         3    None
c - Summon Lightning Spi  Summ/Air       #####...     2%          4    #......
x - Call Canine Familiar  Summ           ######..     1%          3    None
z - Call Imp              Summ           ######..     1%          2    None


Dungeon Overview and Level Annotations

Branches:
Dungeon (15/15)            Temple (1/1) D:6            Lair (6/6) D:9
  Swamp (0/4) Lair:4       Spider (0/4) Lair:4        Slime (0/5) Lair:6
    Orc (2/2) D:10            Elf (3/3) Orc:2        Vaults (0/5) D:14
 Depths (1/5) D:15

Altars:
Ashenzari
Cheibriados
Dithmenos
Elyvilon
Fedhas
Gozag
Hepliaklqana
Kikubaaqudgha
Makhleb
Nemelex Xobeh
Okawaru
Qazlal
Ru
Sif Muna
Trog
Uskayaw
Vehumet
Wu Jian
Xom
Yredelemnul
Zin
The Shining One
Beogh

Shops:
D:5 }   D:12 }(:%%   Orc:1 %   Orc:2 *[}%   Elf:1 =%[=   Depths:1 ?*

Portals:
Abyss: Depths:1

Annotations:
Lair:4 exclusions: electric eel and 4 more exclusions
Elf:1 Azrael, Frances, Nikola


Innate Abilities, Weirdness & Mutations

You can breathe wild blasts of lightning.
Your glossy black scales are hard. (AC +9)
You cannot fit into any form of body armour.
Your large and strong wings let you fly indefinitely.
You are resistant to electric shocks. (rElec)
You are cold-blooded and may be slowed by cold attacks.
You have a pair of horns on your head.
Your tail ends in a poisonous barb.
Your mind is acute. (Int +2)
You have an increased reservoir of magic. (+10% MP)
Potions are less effective at restoring your health.


Message History

You take 22 damage, and have 49/136 hp.
Casting: Call Canine Familiar
Confirm with . or Enter, or press ? or * to list all spells.
Aiming: Summon Lightning Spire
Press: ? - help, Dir - move target cursor An electric hum fills the air.
The deep troll bites you!!
* * * LOW HITPOINT WARNING * * *
The deep troll claws you!!
* * * LOW HITPOINT WARNING * * *
The deep troll claws you.
* * * LOW HITPOINT WARNING * * *
Your magical contamination has completely faded away.
You take 42 damage, and have 7/136 hp.
MASSIVE DAMAGE!!
You now have 6/33 mp.
Blink to where?
Press: ? - help, Dir - move target cursor You are very lightly contaminated with residual magic.
As you read the scroll of blinking, it crumbles to dust.
The deep troll earth mage gestures at you while chanting.
The wall shatters!
The blast of rock fragments hits you!
You die...

### ###### #.###.T.T# *
#.#..T#.§### *
##.......T..# *
*#........8.##
**,##.......@.# *
,#...#####.# ** *#...##
##.# ≈** ##...# #..#
≈≈♣** ##.8# #.## ≈≈≈≈*
####.####.#
≈≈≈≈♣**#.8.∩...#.# ***
≈≈≈*≈##..##.#)...###.#
≈≈≈♣#...**#8#....#.#.#**


You could see 2 deep trolls, a deep troll earth mage, a deep troll shaman and a
friendly lightning spire.

Vanquished Creatures
  Donald (Orc:2)
  A hydra (D:14)
  An ogre mage (D:14)
  A centaur warrior (D:15)
  3 two-headed ogres
  A death yak (Lair:4)
  A queen ant (D:11)
  5 orc high priests (Orc:2)
  A skeletal warrior (D:15)
  3 unseen horrors
  A deep troll (Depths:1)
  4 orc knights
  6 ugly things
  An orc sorcerer (Elf:2)
  2 centaur zombies (D:15)
  5 spiny frogs
  6 rime drakes
  2 komodo dragons
  3 yaktaurs (D:15)
  4 kobold demonologists
  4 trolls
  A polar bear (D:13)
  2 blink frogs (Lair:6)
  9 hippogriffs
  2 dream sheep (Lair:5)
  A spriggan (Lair:5)
  2 wraiths
  A vampire (D:15)
  2 hogs (D:9)
  13 wyverns
  A fire elemental (Elf:2)
  24 yaks
  A human (D:9)
  2 hungry ghosts (D:15)
  A basilisk (Lair:4)
  A steam dragon (Lair:5)
  Menkaure (D:6)
  11 water moccasins
  7 soldier ants (D:11)
  11 porcupines
  21 orc warriors
  7 ice beasts
  4 sky beasts
  An eye of draining (D:11)
  A black bear (D:9)
  7 ogres
  4 wolves
  4 phantoms
  15 centaurs
  6 crocodiles
  A big kobold (D:15)
  Blork the orc (D:6)
  A wyvern zombie (D:11)
  16 bullfrogs
  2 scorpions (D:9)
  9 wights
  3 electric eels
  6 crimson imps
  3 jellies
  2 quasits (D:9)
  2 bullfrog zombies
  A gnoll shaman (D:5)
  5 hounds
  13 orc priests
  12 orc wizards
  3 bullfrog skeletons
  Jessica (D:2)
  4 iguanas
  Terence (D:3)
  14 worker ants
  A hound zombie (D:11)
  A hound skeleton (D:7)
  A howler monkey zombie (D:6)
  2 worker ant zombies
  6 adders
  4 gnolls (D:5)
  3 shadow imps
  A white imp (D:9)
  2 worms
  2 dart slugs
  7 leopard geckos
  38 orcs
  3 ball pythons
  4 bats
  5 giant cockroaches
  9 goblins
  10 hobgoblins
  8 jackals
  6 kobolds
  2 quokkas
  3 frilled lizards
  2 leopard gecko skeletons
  A quokka zombie (D:6)
  4 rats
  A plant (Lair:5)
445 creatures vanquished.

Vanquished Creatures (collateral kills)
  Gastronok (D:11)
  A tengu reaver (D:11)
  A deep elf sorcerer (Elf:2)
  Louise (Depths:1)
  An ettin (D:12)
  Fannar (D:11)
  Harold (Lair:2)
  A death knight (D:14)
  4 vault guards (D:14)
  10 hydras
  An ogre mage (D:15)
  2 death yaks (Lair:4)
  2 centaur warriors (D:15)
  2 tengu warriors
  4 two-headed ogres
  An orc high priest (Orc:2)
  A deep elf knight (D:14)
  2 unseen horrors
  A fire crab (Lair:3)
  3 skeletal warriors
  A phantasmal warrior (D:14)
  A necromancer (D:15)
  6 orc knights
  6 deep elf magi
  8 ugly things
  A wolf spider zombie (D:14)
  2 wolf spiders (Lair:6)
  A mana viper (shapeshifter) (D:13)
  8 slime creatures
  4 orc sorcerers
  A cyclops (D:14)
  4 black mambas
  A guardian serpent (Lair:6)
  2 centaur zombies (D:15)
  13 spiny frogs
  A centaur skeleton (D:15)
  A kobold demonologist (D:15)
  6 rime drakes
  A freezing wraith (D:15)
  An efreet (D:15)
  A komodo dragon (Lair:5)
  A yaktaur (D:14)
  6 trolls
  2 polar bears
  17 blink frogs
  2 hornets (Lair:6)
  9 hippogriffs
  9 dream sheep
  3 wraiths
  An air elemental (Elf:1)
  A water elemental (Depths:1)
  A yak (shapeshifter) (D:13)
  A vampire (D:12)
  31 yaks
  A spriggan (Lair:2)
  A redback (Lair:6)
  A fire elemental (Elf:1)
  9 wyverns
  A hog (D:9)
  2 hungry ghosts (D:9)
  A human (D:14)
  A human (shapeshifter) (Elf:2)
  7 basilisks
  13 soldier ants (D:11)
  2 acid dragons
  4 hell hounds
  5 porcupines
  4 water moccasins (Lair:6)
  23 orc warriors
  A swamp drake (D:10)
  3 sky beasts
  5 ice beasts
  8 ogres
  2 phantoms
  A black bear (Lair:5)
  3 necrophages (D:11)
  6 wolves
  3 crocodiles
  10 centaurs
  A big kobold (D:15)
  8 bullfrogs
  A wyvern skeleton (D:9)
  A scorpion (D:9)
  A killer bee (D:11)
  5 wights
  An electric eel (Lair:4)
  4 crimson imps
  15 orc priests
  3 hounds
  A jelly (Lair:6)
  10 orc wizards
  12 worker ants
  Robin (D:3)
  2 adders
  2 gnolls (D:5)
  A shadow imp (D:3)
  A worm (D:2)
  3 dart slugs
  A leopard gecko (D:1)
  61 orcs
  3 bats (D:1)
  A giant cockroach (D:3)
  3 goblins (D:3)
  2 hobgoblins (D:1)
  3 jackals (D:2)
  A ball python (D:4)
  A rat (D:1)
  4 fungi
  A plant (Lair:2)
466 creatures vanquished.

Vanquished Creatures (others)
  An orc priest (Orc:2)
  An orc wizard (D:8)
  An orc (D:8)
  4 bushes
  31 fungi
  11 plants
49 creatures vanquished.

Grand Total: 960 creatures vanquished

Notes
Turn   | Place    | Note
-------+----------+-------------------------------------------
     0 | D:1      | namelastname112 the Draconian Summoner began the quest for the Orb.
     0 | D:1      | Reached XP level 1. HP: 14/14 MP: 3/3
     0 | D:1      | epen: стой
     0 | D:1      | epen: короче давай
     0 | D:1      | epen: мумию некромансера
     1 | D:1      | namelastname112: лол
     1 | D:1      | namelastname112: я ебанутый чтоли
     1 | D:1      | namelastname112: туалеткой играть
     2 | D:1      | ReniFell: Вообще, это херня все, надо просто осторожнее быть с тем, что куда суешь
    52 | D:1      | epen: ну бля
   122 | D:1      | epen: люди бывает и от смазки с хуя залетают
   156 | D:1      | Reached XP level 2. HP: 19/22 MP: 5/5
   160 | D:1      | epen: вот им смешно наверное
   163 | D:1      | Learned a level 2 spell: Call Imp
   407 | D:1      | ReniFell: Бля, ну это совсем отбитым неудачником надо быть
   560 | D:1      | ReniFell: Лузер макс уровня
   579 | D:1      | Reached skill level 1 in Fighting
   781 | D:1      | Found a glowing golden altar of the Shining One.
   856 | D:1      | epen: там много всякой хуйни бывает
   924 | D:2      | Reached XP level 3. HP: 24/28 MP: 1/6
   928 | D:2      | epen: типа на покрывало попала конча
   932 | D:2      | Learned a level 3 spell: Call Canine Familiar
  1029 | D:2      | epen: а тянка случайно по ней пиздёнкой проехалась
  1166 | D:2      | epen: и там какая-то хуйня у неё вокруг половых губ начинает происходить
  1166 | D:2      | namelastname112: лол
  1166 | D:2      | ReniFell: У меня не то чтобы очень богатый опыт ебли без шлема, но всякое в жизни бывало
  1166 | D:2      | ReniFell: и ниче, живой до сих пор
  1166 | D:2      | namelastname112: я гандонами уже хуй знает склько не пользовался
  1166 | D:2      | namelastname112: и ничего
  1231 | D:2      | epen: лол
  1236 | D:2      | epen: вот и я
  1251 | D:2      | Noticed Jessica
  1257 | D:2      | Killed Jessica
  1261 | D:2      | ReniFell: Пиздец отбитые
  1333 | D:2      | epen: тян недавно истерику закатила по поводу задержки месячных
  1333 | D:2      | Reached XP level 4. HP: 35/35 MP: 7/7
  1343 | D:2      | ReniFell: Вот и убегаете потом
  1343 | D:2      | epen: я ей такой
  1343 | D:2      | ReniFell: В армии свои
  1343 | D:2      | epen: ну бля
  1343 | D:2      | namelastname112: ну бля
  1343 | D:2      | epen: купи тест себе
  1343 | D:2      | namelastname112: чего в этом такого
  1458 | D:2      | epen: вот лично мне не нравится в резинке
  1459 | D:2      | epen: нихуя не чувствую
  1557 | D:3      | Found a sparkling altar of Nemelex Xobeh.
  1683 | D:3      | ReniFell: У меня самые длительные отношения с тян 4 года были, вот только с ней наверное я без набалдашника ебся
  1701 | D:3      | ReniFell: Д О В Е Р И Я
  1701 | D:3      | namelastname112: у меня уже шесть блять
  1701 | D:3      | ReniFell: Е*
  1814 | D:3      | Noticed Terence
  1815 | D:3      | epen: 7 вроде
  1816 | D:3      | epen: не?
  1848 | D:3      | namelastname112: да хуй знает
  1866 | D:3      | Killed Terence
  1912 | D:3      | Reached skill level 5 in Summonings
  1961 | D:3      | Noticed Robin
  1980 | D:3      | Killed Robin
  2072 | D:3      | Reached XP level 5. HP: 36/41 MP: 8/8
  2926 | D:4      | Found a bloodstained altar of Trog.
  3250 | D:4      | Noticed an ogre
  3261 | D:4      | Killed an ogre
  3261 | D:4      | Reached XP level 6. HP: 50/50 MP: 3/10
  3424 | D:4      | Reached skill level 6 in Summonings
  3782 | D:4      | Found a glowing golden altar of the Shining One.
  3862 | D:5      | Entered Level 5 of the Dungeon
  3911 | D:5      | Noticed a sky beast
  3934 | D:5      | ReniFell: Где вообще все словинские? Только бонира и дауничей с телеги на хтахуе вижу в последнее время
  3954 | D:5      | Killed a sky beast
  3959 | D:5      | Gained mutation: You have a pair of small horns on your head. [mutagenic meat]
  3960 | D:5      | Gained mutation: You are agile. (Dex +2) [mutagenic meat]
  3961 | D:5      | Gained mutation: You occasionally shout uncontrollably at your foes. [mutagenic meat]
  3962 | D:5      | Gained mutation: You tend to lose your temper in combat. [mutagenic meat]
  4147 | D:5      | namelastname112: хуй забили
  4147 | D:5      | namelastname112: вестимо
  4167 | D:5      | Noticed an ice beast
  4168 | D:5      | ReniFell: Псы
  4175 | D:5      | Killed an ice beast
  4175 | D:5      | Your scales start taking on a glossy black colour.
  4175 | D:5      | Reached XP level 7. HP: 57/57 MP: 4/12
  4175 | D:5      | Gained mutation: You are resistant to electric shocks. (rElec) [Black Draconian growth]
  4275 | D:5      | Found an ornate altar of the Wu Jian Council.
  4371 | D:5      | epen: Жака можно засумонить
  4498 | D:5      | Found Laodenen's Gadget Shoppe.
  4501 | D:5      | epen: но я не помню какой спел кастовать надо
  4524 | D:5      | Found a sacrificial altar of Ru.
  4531 | D:5      | Found a snail-covered altar of Cheibriados.
  4686 | D:5      | epen: слыш
  4687 | D:5      | ReniFell: Вк написать можно
  4700 | D:5      | ReniFell: Но собсн зачем
  4704 | D:5      | epen: а чеи всё ещё говно?
  4707 | D:5      | epen: у жака вк есть?
  4712 | D:5      | Learned a level 4 spell: Summon Lightning Spire
  4731 | D:5      | Found a white marble altar of Elyvilon.
  4761 | D:5      | ReniFell: Был
  4761 | D:5      | namelastname112: нахуй чеи нужен
  5029 | D:6      | ReniFell: Давно не заходил вк, пока в отпуске
  5209 | D:6      | Reached skill level 7 in Summonings
  5221 | D:6      | Found a stormy altar of Qazlal.
  5349 | D:6      | Found a staircase to the Ecumenical Temple.
  5371 | D:6      | Noticed Menkaure
  5394 | Temple   | Entered the Ecumenical Temple
  5444 | Temple   | Became a worshipper of Ashenzari the Shackled
  5507 | D:6      | Found a burning altar of Makhleb.
  5509 | D:6      | Reached XP level 8. HP: 66/66 MP: 14/14
  5554 | D:6      | Noticed Blork the orc
  5562 | D:6      | ReniFell: Бля, он меня из друзей удалил походу
  5569 | D:6      | ReniFell: Вот пидор
  5589 | D:6      | epen: https://2ch.hk/vg/src/23181002/15017892915380.jpg
  5595 | D:6      | epen: ого
  5640 | D:6      | epen: смотри
  5640 | D:6      | Killed Blork the orc
  5644 | D:6      | Gained mutation: Potions are less effective at restoring your health. [mutagenic meat]
  5645 | D:6      | Gained mutation: You are very agile. (Dex +4) [mutagenic meat]
  5646 | D:6      | Gained mutation: You have an increased reservoir of magic. (+10% MP) [mutagenic meat]
  5647 | D:6      | Gained mutation: You are dopey. (Int -2) [mutagenic meat]
  5648 | D:6      | epen: ВАРКРАЙ
  5850 | D:6      | Found a shadowy altar of Dithmenos.
  5866 | D:6      | Killed Menkaure
  5866 | D:6      | Reached skill level 8 in Summonings
  6049 | D:6      | Lost mutation: You occasionally shout uncontrollably at your foes. [potion of mutation]
  6049 | D:6      | Lost mutation: You are dopey. (Int -2) [potion of mutation]
  6049 | D:6      | Lost mutation: You are very agile. (Dex +4) [potion of mutation]
  6049 | D:6      | Lost mutation: You tend to lose your temper in combat. [potion of mutation]
  6049 | D:6      | Lost mutation: You are agile. (Dex +2) [potion of mutation]
  6049 | D:6      | Gained mutation: You are resistant to hostile enchantments. (MR+) [potion of mutation]
  6050 | D:6      | Lost mutation: You are resistant to hostile enchantments. (MR+) [potion of mutation]
  6050 | D:6      | Lost mutation: You have a pair of small horns on your head. [potion of mutation]
  6050 | D:6      | Gained mutation: You have a pair of small horns on your head. [potion of mutation]
  6050 | D:6      | Gained mutation: You have a pair of horns on your head. [potion of mutation]
  6050 | D:6      | Gained mutation: You have a pair of large horns on your head. [potion of mutation]
  6050 | D:6      | Gained mutation: Your tail ends in a poisonous barb. [potion of mutation]
  6051 | D:6      | Lost mutation: You have a pair of large horns on your head. [potion of mutation]
  6051 | D:6      | Lost mutation: You have a pair of horns on your head. [potion of mutation]
  6051 | D:6      | Gained mutation: You have a pair of horns on your head. [potion of mutation]
  6051 | D:6      | Gained mutation: Your mind is acute. (Int +2) [potion of mutation]
  6432 | D:7      | Noticed a hippogriff
  6438 | D:7      | Killed a hippogriff
  6438 | D:7      | Reached skill level 5 in Fighting
  6809 | D:8      | Found a deep blue altar of Sif Muna.
  6951 | D:8      | Reached skill level 5 in Dodging
  6951 | D:8      | Reached skill level 5 in Spellcasting
  6960 | D:8      | Reached * piety under Ashenzari
  6984 | D:8      | Reached XP level 9. HP: 37/74 MP: 18/18
  6995 | D:8      | Noticed a two-headed ogre
  7020 | D:8      | Killed a two-headed ogre
  7020 | D:8      | Reached skill level 9 in Summonings
  7256 | D:8      | namelastname112: пиздец
  7256 | D:8      | namelastname112: угорь блять
  7256 | D:8      | namelastname112: в луже жил
  7303 | D:8      | ReniFell: Всю жизнь
  7496 | D:8      | ReniFell: Пиздато ему наверное
  8001 | D:9      | Found a glowing silver altar of Zin.
  8001 | D:9      | Noticed an angel
  8198 | D:9      | Found a hazy altar of Hepliaklqana.
  8383 | D:9      | namelastname112: ммм
  8383 | D:9      | ReniFell: максвел
  8383 | D:9      | namelastname112: кейдж леэит
  8383 | D:9      | namelastname112: лежит
  8383 | D:9      | ReniFell: кул штука
  8615 | D:9      | Noticed a troll
  8627 | D:9      | Killed a troll
  8627 | D:9      | Reached skill level 10 in Summonings
  8992 | D:9      | Found a staircase to the Lair.
  9192 | D:9      | Reached XP level 10. HP: 83/84 MP: 19/21
  9377 | D:9      | p0werm0de: yo dud3z
  9404 | D:9      | p0werm0de: hows the weather in russia
  9510 | D:9      | ReniFell: hey
  9516 | D:9      | Learned a level 4 spell: Summon Ice Beast
  9552 | D:9      | namelastname112: burning hot
  9573 | D:9      | ReniFell: weather is preety hellish here in siberia
  9575 | D:9      | p0werm0de: in siberia too?
  9598 | D:9      | p0werm0de: ;D
  9617 | D:9      | Found a shimmering altar of Xom.
  9679 | D:9      | ReniFell: hot af
  9681 | D:9      | Noticed a purple ugly thing
  9693 | D:9      | ReniFell: like
  9698 | D:9      | Killed a purple ugly thing
  9712 | D:9      | ReniFell: 30+ 2 weeks alrdy
  9741 | D:9      | ReniFell: i cant breath
  9793 | D:9      | p0werm0de: wow
  9809 | D:10     | Entered Level 10 of the Dungeon
  9933 | D:10     | ReniFell: meteopredicts are cool tho
  9933 | D:10     | ReniFell: 15-20 next 2 weeks
 10405 | D:10     | Reached skill level 11 in Summonings
 10663 | D:10     | Found a staircase to the Orcish Mines.
 10970 | D:11     | Noticed a two-headed ogre
 10983 | D:11     | Killed a two-headed ogre
 11526 | D:11     | Reached XP level 11. HP: 63/94 MP: 24/24
 11819 | D:11     | Noticed Gastronok
 11884 | D:11     | Killed Gastronok
 12407 | D:11     | Noticed a queen ant
 12429 | D:11     | Killed a queen ant
 12429 | D:11     | Reached skill level 12 in Summonings
 12580 | D:11     | epen: !gkills namelastname112
 12580 | D:11     | beem: 214 kills by namelastname112's ghost: 41x namelastname112, 4x Reinor, 3x crauler, 3x Lathuz, 3x FIQ, 3x ololoev, 3x George, 3x Gagarin, 3x Azzok, 3x Viceroy, 3x Uhlv, 3x Duffy, 2x wvc, 2x Viilla, 2x hornqvist, 2x sKa, 2x PeterLawrence, 2x kae, 2x Lovchig, 2x Ratboiler, 2x Zhenya25pyc, DarthRa, ReniFell, cada, davidgn, Trafet, natiam, ConnectionFaild, Chiseanne, Amnesiac, syage, Zigma, kak, Dexci...
 12580 | D:11     | namelastname112: помойные книги
 12580 | D:11     | namelastname112: где блять мой суммон димон
 12704 | D:12     | Found a burning altar of Makhleb.
 12707 | D:12     | Found Jakh's Weapon Shop.
 12720 | D:12     | epen: >zhenya25pyc
 12745 | D:12     | Found Rublas's Gadget Emporium.
 12746 | D:12     | Noticed an unseen horror
 12758 | D:12     | Killed an unseen horror
 12902 | D:11     | epen: !gkills p0werm0de
 12911 | D:11     | beem: 168 kills by p0werm0de's ghost: 34x P0WERM0DE, 3x 4thArraOfDagon, 3x Reinor, 3x Arkorax, 2x tstbtto, 2x OmG, 2x Frontstab, 2x Rationalist, 2x Zigma, 2x benitares, 2x namelastname112, 2x WhatIsLove, 2x flinch, 2x Yendor, 2x Kloppie, 2x Philosophy, 2x emikaela, 2x subsebi, 2x Banto, 2x futacatgirl, 2x runewalsh, 2x CcS, Nuatha, TotoDurand, matakusis, Avanven, jedvagenij, FIQ, Quirk, Celandrion, Da...
 12990 | D:11     | Noticed a tengu reaver
 12992 | D:11     | epen: у всех что ли больше всего убийств самих себя?
 12992 | D:11     | namelastname112: ебать нахуй
 12992 | D:11     | namelastname112: не у всех
 12992 | D:11     | namelastname112: блять
 12992 | D:11     | namelastname112: ривер нахуй
 12997 | D:11     | epen: ну тенгу
 12998 | D:11     | epen: ну ривер
 12999 | D:11     | Noticed a tengu warrior
 13016 | D:11     | Killed a tengu reaver
 13029 | D:11     | epen: лол
 13041 | D:11     | Killed a tengu warrior
 13176 | D:11     | epen: ща там дип троли будут
 13283 | D:11     | Noticed an ettin
 13283 | D:11     | epen: смотри
 13288 | D:11     | Noticed a storm dragon
 13335 | D:12     | namelastname112: лучше бы были тролли
 13362 | D:12     | epen: eppin
 13423 | D:12     | Killed an ettin
 13590 | D:12     | namelastname112: блять
 13590 | D:12     | namelastname112: ну шторм драгена я не ебану
 13591 | D:12     | epen: лол
 13664 | D:12     | Found Bethao's Food Emporium.
 13664 | D:12     | Noticed a brown ugly thing
 13676 | D:12     | Killed a purple ugly thing
 13735 | D:12     | Noticed an unseen horror
 13771 | D:12     | Killed an unseen horror
 13851 | D:12     | Found Buruc's Book Shoppe.
 14127 | D:12     | Found Fonad's Food Emporium.
 14414 | D:13     | Noticed a white ugly thing
 14422 | D:13     | Killed a white ugly thing
 14422 | D:13     | Reached XP level 12. HP: 79/105 MP: 19/26
 14507 | D:13     | Reached skill level 13 in Summonings
 14648 | D:13     | Reached ** piety under Ashenzari
 14670 | D:13     | Found a frozen archway.
 14792 | IceCv    | Entered an ice cave
 15105 | IceCv    | namelastname112: ммм бля
 15106 | IceCv    | ReniFell: slojno
 15553 | IceCv    | namelastname112: хуй походу
 15554 | IceCv    | ReniFell: da
 15554 | IceCv    | namelastname112: короче блять
 15554 | IceCv    | namelastname112: идея
 15559 | IceCv    | Learned a level 3 spell: Inner Flame
 15568 | IceCv    | namelastname112: на присуммоненых нельзя
 15568 | IceCv    | namelastname112: сука
 15821 | D:13     | ReniFell: ??inner flame
 15822 | D:13     | beem: inner flame[1/5]: Turns monsters into explosions. Level 3 Fire/Hex. If it's not resisted, the target explodes upon death dealing fire damage and leaving flame clouds behind. Tiny monsters deal 3d15, giant and huge monsters deal 3d25 and have a radius 2 explosion, others deal 3d20. The explosion is as noisy as a mephitic cloud or fireball.
 15828 | D:13     | ReniFell: ??inner flame[2
 15828 | D:13     | beem: inner flame[2/5]: The sheep bleats in terror. The sheep explodes!
 15834 | D:13     | ReniFell: ??inner flame[3
 15835 | D:13     | beem: inner flame[3/5]: Poisoning monsters and walking away until they die can prevent the explosion from hitting you.
 16417 | D:13     | Noticed a four-headed hydra
 16422 | D:13     | Killed a four-headed hydra
 16673 | D:14     | Reached skill level 10 in Fighting
 16740 | D:14     | Noticed a two-headed ogre
 16758 | D:14     | Killed a two-headed ogre
 17128 | D:14     | Noticed a death knight
 17155 | D:14     | Killed a death knight
 17261 | D:14     | Noticed a vault guard
 17277 | D:14     | Killed a vault guard
 17294 | D:14     | Noticed an ogre mage
 17425 | D:14     | Noticed a vault guard
 17427 | D:14     | Noticed a vault guard
 17430 | D:14     | Noticed a vault guard
 17441 | D:14     | Killed an ogre mage
 17481 | D:14     | Killed a vault guard
 17481 | D:14     | Reached skill level 14 in Summonings
 17484 | D:14     | Killed a vault guard
 17660 | D:14     | Killed a vault guard
 17686 | D:14     | Found a gate to the Vaults.
 17818 | D:14     | Noticed a six-headed hydra
 17827 | D:14     | Killed a six-headed hydra
 17924 | D:14     | Reached XP level 13. HP: 34/114 MP: 12/29
 18457 | D:14     | namelastname112: блять
 18457 | D:14     | namelastname112: дайте бук оф саммонингс
 19213 | D:15     | Entered Level 15 of the Dungeon
 19656 | D:15     | Reached skill level 1 in Shields
 19945 | D:15     | Reached skill level 10 in Spellcasting
 19989 | D:15     | p0werm0de: black draconian OP !!
 20009 | D:15     | namelastname112: kinda
 20100 | D:15     | Reached skill level 10 in Dodging
 21182 | D:15     | Found a staircase to the Depths.
 22058 | D:11     | Noticed Fannar
 22236 | D:11     | Killed Fannar
 23225 | Lair:1   | Entered Level 1 of the Lair of Beasts
 24481 | Lair:2   | Noticed Harold
 24483 | Lair:2   | Gained mutation: Your large and strong wings let you fly indefinitely. [Black Draconian growth]
 24483 | Lair:2   | Reached XP level 14. HP: 107/125 MP: 15/31
 24497 | Lair:2   | Killed Harold
 25027 | Lair:2   | Found a hazy altar of Hepliaklqana.
 25462 | Lair:2   | Reached *** piety under Ashenzari
 25965 | Lair:3   | Reached skill level 15 in Summonings
 26567 | Lair:4   | Found a staircase to the Swamp.
 27292 | Lair:4   | Found a hole to the Spider Nest.
 27763 | Lair:5   | Reached **** piety under Ashenzari
 28694 | Lair:6   | Entered Level 6 of the Lair of Beasts
 29682 | Lair:6   | Found a staircase to the Slime Pits.
 31789 | Orc:1    | Entered Level 1 of the Orcish Mines
 31789 | Orc:1    | Found a roughly hewn altar of Beogh.
 32511 | Orc:1    | Found Haolyeta's Food Shoppe.
 32865 | Orc:2    | Entered Level 2 of the Orcish Mines
 33002 | Orc:2    | Found a staircase to the Elven Halls.
 33105 | Orc:2    | Noticed Donald
 33119 | Orc:2    | Found Noguqiwn's Gadget Emporium.
 33119 | Orc:2    | Found Suggyc's General Store.
 33119 | Orc:2    | Found Xyafuow's Food Shoppe.
 33119 | Orc:2    | Found Nouduo's Antique Armour Shoppe.
 33783 | Orc:2    | Reached XP level 15. HP: 109/135 MP: 26/33
 34589 | Orc:2    | Bought a potion of heal wounds for 65 gold pieces
 34769 | Orc:2    | Killed Donald
 35338 | Elf:1    | Entered Level 1 of the Elven Halls
 35340 | Elf:1    | Noticed an iron dragon
 35340 | Elf:1    | Noticed Frances
 35357 | Elf:1    | Found Dimur's Food Shop.
 35382 | Elf:1    | Found Kuowats's Antique Armour Shop.
 35389 | Elf:1    | Noticed Nikola
 35525 | Elf:1    | Found Wiesihou's Jewellery Shoppe.
 35597 | Elf:1    | Noticed Azrael
 35601 | Elf:1    | Found Beezec's Jewellery Boutique.
 36162 | Elf:2    | Noticed a deep elf sorcerer
 36173 | Elf:2    | Killed a deep elf sorcerer
 36346 | Elf:3    | Entered Level 3 of the Elven Halls
 36530 | Orc:2    | namelastname112: пиздец помойка
 36876 | Depths:1 | Entered Level 1 of the Depths
 36907 | Depths:1 | Found Vubow's Magic Scroll Shoppe.
 36916 | Depths:1 | Bought a scroll of teleportation for 39 gold pieces
 36916 | Depths:1 | Bought a scroll of teleportation for 39 gold pieces
 36916 | Depths:1 | Bought a scroll of teleportation for 39 gold pieces
 36926 | Depths:1 | Found a one-way gate to the infinite horrors of the Abyss.
 36926 | Depths:1 | Noticed Louise
 36930 | Depths:1 | Found Ura Giuv's Assorted Antiques.
 36938 | Depths:1 | Bought a scroll labeled BORONA WIKHLIA for 40 gold pieces
 36966 | Depths:1 | Killed Louise
 37027 | Depths:1 | Killed from afar by a deep troll earth mage

Vault maps used:
D:1:      minmay_arrival_hallway, tso_altar
D:2:      uniq_jessica
D:3:      nemelex_xobeh_ov_fountains_minmay, uniq_robin, uniq_terence
D:4:      kennysheep_mini, old_standard_altar, first_bread
D:5:      lemuel_doored_altar, elyvilon_altar_3, minitemple, serial_shops,
          kennysheep_mini_moat
D:6:      overflow_temple_1_default, kennysheep_little_box,
          minmay_temple_entry_fiery, nicolae_qazlal_eye_of_the_storm,
          uniq_blork_the_orc, uniq_menkaure
D:7:      minmay_misc_feat_five
D:8:      lemuel_round_altar
D:9:      grunt_temple_overflow_order_and_chaos_1, due_lair_maze_entry_diamond,
          basic_altar, grunt_livestock, minmay_fire_ice_demons
D:10:     erik_orc_1, st_stairs_8
D:11:     minmay_klotski, minivault_29, uniq_gastronok, uniq_fannar
D:12:     serial_shops, shop, shop_fountains, shop, shop, nicolae_shop_crystal,
          kennysheep_minor_cross, bloody_makhleb
D:13:     portal_ice_cave_entry_animals_and_master
D:14:     grunt_vaults_entry_fortified, minmay_misc_feat_alley, st_stairs_8,
          kennysheep_generic_room_11
D:15:     grunt_enter_depths_magical_seal, hangedman_abyss_or_decor_stabs
Temple:   eino_wide_crystal_templ
Lair:1:   grunt_megastairs_4, serial_bayou_shore_a, infiniplex_staircase_pool_2,
          lemuel_fruit_fields
Lair:2:   basic_altar, grunt_forest_large_clearing_hut, uniq_harold
Lair:3:   serial_bayou_shore_b
Lair:4:   minmay_swamp_entry_eels, spider_nest_entry_web_field
Lair:5:   grunt_forest_stairs_clearing
Lair:6:   hangedman_lair_tendril_chambers, minmay_slime_entry_pillars
Orc:1:    serial_shops, nicolae_shop_window_shopping, nicolae_orc_lost_temple
Orc:2:    st_orc_pillars, uniq_donald
Elf:1:    serial_shops, shop, shop, shop, shop, minmay_elf_necromancy,
          chequers_big_river, spider_trap, nrook_loot_triangle,
          hangedman_research_geology, uniq_azrael, uniq_frances, uniq_nikola
Elf:2:    st_stairs_10
Elf:3:    minmay_elf_hall_statues, basic_altar, special_room,
          minmay_curled_crystal
Depths:1: enter_ziggurat_d, hell_entry, minivault_11,
          nicolae_abyss_entry_one_way_or_another, serial_shops, shop_scrolls,
          nicolae_shop_statue_plus, nicolae_shop_waterfront,
          minmay_misc_feat_nine_boxes, serial_bayou_lake_a
IceCv:    ice_cave_statue_garden_chambered

Skill      XL: |  1  2  3  4  5  6  7  8  9 10 11 12 13 14 |
---------------+-------------------------------------------+-----
Dodging        | 2 3 4 5 6 7 8 9 10 11 | 11.8
Fighting       | 1 2 3 4 5 6 8 9 10 11 13 | 13.3
Summonings     | 5 6 7 8 10 11 12 14 15 | 15.9
Spellcasting   | 3 4 5 6 7 8 9 10 11 | 11.7
Shields        | 4 |  4.8
Stealth        | |  1.7

Action                   |  1- 3 |  4- 6 |  7- 9 | 10-12 | 13-15 || total
-------------------------+-------+-------+-------+-------+-------++-------
Melee: Unarmed           |    19 |       |       |       |       ||    19
       Hand axe          |    66 |       |       |       |       ||    66
       Tailslap          |     6 |    15 |    33 |    43 |   118 ||   215
       Dagger            |     1 |    46 |       |       |       ||    47
       Short sword       |       |    94 |   300 |   524 |  1018 ||  1936
       Headbutt          |       |     2 |    40 |    83 |   161 ||   286
Throw: Throwing net      |       |       |       |       |     2 ||     2
 Cast: Summon Small Mamm |     5 |       |       |       |       ||     5
       Call Imp          |     7 |    19 |    11 |     2 |     1 ||    40
       Call Canine Famil |     2 |    12 |    14 |    16 |    40 ||    84
       Summon Lightning  |       |       |     8 |    92 |   158 ||   258
       Summon Ice Beast  |       |       |       |    83 |   243 ||   326
       Inner Flame       |       |       |       |     5 |       ||     5
Invok: Scrying           |       |       |       |       |     2 ||     2
 Abil: Breathe Lightning |       |       |     4 |     4 |    11 ||    19
       Fly               |       |       |       |       |     1 ||     1
Evoke: Wand              |       |       |       |     3 |     5 ||     8
  Use: Scroll            |       |     3 |    14 |     7 |    25 ||    49
       Potion            |       |     1 |     3 |     1 |     7 ||    12
 Stab: Distracted        |     1 |     1 |     2 |     7 |    11 ||    22
       Sleeping          |     4 |     4 |     1 |     2 |     4 ||    15
       Fleeing           |       |       |       |     1 |       ||     1
  Eat: Chunk             |    10 |    18 |    26 |    35 |    50 ||   139
       Royal jelly       |       |       |       |     3 |    10 ||    13
       Meat ration       |       |       |       |     1 |       ||     1
Armor: Skin              |    34 |    40 |   118 |   197 |   292 ||   681
Dodge: Dodged            |    84 |    97 |   244 |   532 |   972 ||  1929
Block: Buckler           |       |       |       |       |   179 ||   179
